 Dungeon Crawl Stone Soup version 0.31-a0-263-ge8cad7f256 (webtiles) character file.

Game seed: 7942309996291569216

135 pascalblue the Conjurer (level 4, -8/24 HPs)
             Began as a Deep Elf Conjurer on July 13, 2023.
             Killed from afar by an orc wizard (11 damage)
             ... with a puff of flame
             ... on level 3 of the Dungeon.
             The game lasted 00:05:47 (2164 turns).

pascalblue the Conjurer (Deep Elf Conjurer)         Turns: 2164, Time: 00:05:49

Health: -8/24      AC:  4    Str:  4    XL:     4   Next: 97%
Magic:  11/11      EV: 13    Int: 25    God:
Gold:   54         SH:  0    Dex: 19    Spells: 0/10 levels left

rFire   . . .        j - +8 mace of the Fray {pain, rPois rC+}
rCold   + . .        (no shield)
rNeg    . . .        g - +2 robe
rPois   +            (no helmet)
rElec   .            (no cloak)
rCorr   .            (no gloves)
SInv    .            (no boots)
Will    .....        i - amulet of magic regeneration
Stlth   +++          l - +6 ring of dexterity
HPRegen 0.24/turn    (no ring)
MPRegen 0.52/turn

%: no passive effects
@: brilliant, lethally poisoned (-8 -> -12)
A: no striking features
a: no special abilities


You were on level 3 of the Dungeon.
You visited 1 branch of the dungeon, and saw 3 of its levels.

You collected 131 gold pieces.
You spent 77 gold pieces at shops.

Inventory:

Hand Weapons
 e - a +1 dagger of freezing
 j - the +8 mace of the Fray (weapon) {pain, rPois rC+}
   (You found it on level 2 of the Dungeon)

   rC:        It protects you from cold.
   rPois:     It protects you from poison.
Armour
 a - a +0 robe
 g - a +2 robe (worn)
Jewellery
 i - an amulet of magic regeneration (around neck)
 l - a +6 ring of dexterity (left hand)
Potions
 b - a potion of magic
 d - 2 potions of haste
 f - a potion of attraction {unknown}
 h - 2 potions of heal wounds {unknown}
 k - a potion of curing {unknown}


   Skills:
 - Level 3.0 Dodging
 - Level 3.0 Stealth
 + Level 3.7 Spellcasting
 * Level 5.8 Conjurations
 * Level 1.4 Hexes
 + Level 0.7 Air Magic
 + Level 1.0 Poison Magic


You couldn't memorise any spells.
You knew the following spells:

 Your Spells              Type           Power      Damage    Failure   Level
a - Magic Dart            Conj           100%       1d8       1%          1
b - Searing Ray           Conj           100%       2d8       1%          2
c - Mephitic Cloud        Conj/Pois/Air  25%        N/A       10%         3
d - Fulminant Prism       Conj/Hex       17%        3d10      22%         4

Your spell library contained the following spells:

 Spells                   Type           Power      Damage    Failure   Level
 Dazzling Flash           Conj/Hex       68%        N/A       6%          3
 Call Imp                 Summ           14%        N/A       14%         2
 Iskenderun's Mystic Bla  Conj/Tloc      28%        2d7       28%         4


Dungeon Overview and Level Annotations

Branches:
Dungeon (3/15)

Altars:
Hepliaklqana

Shops:
D:1 ?[


Message History

You kill the orc wizard!
An orc comes into view. It is wielding a +0 flail.
Training target 3.0 for Stealth reached!
Your Stealth skill increases to level 3!
Your Poison Magic skill increases to level 1!
The searing ray hits the orc!
The orc is almost dead.
An orc wizard comes into view. It is wielding a +1 dagger of venom.
The searing ray hits the orc.
You kill the orc!
The searing ray hits the orc wizard!
The orc wizard is heavily wounded.
You finish channelling your searing ray.
The orc wizard points at you and mumbles some strange words.
You are confused.
You're too confused to cast spells.
You're too confused to move!
You bump into the rock wall.
The orc wizard points at you and mumbles some strange words.
The magic dart hits you!
The orc wizard hits you with a +1 dagger of venom.
You are lethally poisoned!
You're too confused to move!
* * * LOW HITPOINT WARNING * * *
You feel sick.
The orc wizard hits you with a +1 dagger of venom.
* * * LOW HITPOINT WARNING * * *
Okay, then.
You're too confused to cast spells.
You bump into the rock wall.
You feel less confused.
* * * LOW HITPOINT WARNING * * *
You feel sick. The orc wizard barely misses you.
It was a potion of brilliance.
You feel clever all of a sudden.
* * * LOW HITPOINT WARNING * * *
You feel sick.
The orc wizard points at you and mumbles some strange words.
The puff of flame hits you!
You die...

#######
.......#####
.......<@o.#
....#..###)#
# ..... #
..####. #.
.. ##


You could see an orc wizard.

Vanquished Creatures
  Terence (D:2)
  An orc wizard (D:3)
  4 gnolls (D:2)
  2 orcs (D:3)
  An endoplasm (D:2)
  2 giant cockroaches (D:1)
  8 goblins
  5 hobgoblins
  2 jackals (D:1)
  2 quokkas
  5 ball pythons
  6 bats
  4 frilled lizards
  3 kobolds (D:1)
  2 rats
48 creatures vanquished.

Notes
Turn   | Place    | Note
-------+----------+-------------------------------------------
     0 | D:1      | pascalblue the Deep Elf Conjurer began the quest for the
                  | Orb.
     0 | D:1      | Reached XP level 1. HP: 10/10 MP: 6/6
   286 | D:1      | Reached XP level 2. HP: 15/15 MP: 5/8
   385 | D:1      | Found Fukeat's Antique Armour Boutique.
   394 | D:1      | Reached skill level 5 in Conjurations
   462 | D:1      | Learned a level 2 spell: Searing Ray
   770 | D:1      | Found Tuorchik's Magic Scroll Shoppe.
   985 | D:1      | Bought an embroidered robe for 77 gold pieces
  1098 | D:2      | Reached XP level 3. HP: 19/19 MP: 6/9
  1214 | D:2      | Identified the +8 mace of the Fray {pain, rPois rC+}
  1396 | D:2      | Learned a level 3 spell: Mephitic Cloud
  1403 | D:2      | Found a hazy altar of Hepliaklqana.
  1406 | D:2      | Noticed Terence
  1420 | D:2      | Killed Terence
  1421 | D:2      | Reached XP level 4. HP: 24/24 MP: 2/11
  1426 | D:2      | Learned a level 4 spell: Fulminant Prism
  1780 | D:2      | Reached skill level 1 in Hexes
  2157 | D:3      | Reached skill level 1 in Poison Magic
  2164 | D:3      | Killed from afar by an orc wizard

Illustrated notes

Levels and vault maps discovered:
D:1:      psy_arrival_radial01, layout_rooms, serial_shops, nicolae_square_shop,
          shop, hangedman_decor_slide_cut, st_stairs_11,
          hangedman_feature_mirror
D:2:      layout_basic, basic_altar, uniq_terence
D:3:      layout_loops_ring, shapermc_ecumenical_altar_mp_vishouse,
          minmay_goblin_kobold_house, uniq_natasha

Skill      XL: |  1  2  3  4 |
---------------+-------------+-----
Conjurations   | 5 |  5.8
Dodging        | 3 |  3.0
Hexes          | 1 |  1.4
Stealth        | 3 |  3.0
Poison Magic   | 1 |  1.0
Spellcasting   | |  3.7
Air Magic      | |  0.7

Action                     |  1- 3 |  4- 6 || total
---------------------------+-------+-------++-------
  Melee: Dagger            |     8 |       ||     8
   Cast: Magic Dart        |    67 |    11 ||    78
         Searing Ray       |     2 |     4 ||     6
    Use: Scroll            |     2 |     3 ||     5
         Potion            |       |     1 ||     1
 Armour: Robe              |     1 |       ||     1
  Dodge: Dodged            |    10 |     1 ||    11

Table legend: (Time is in decaauts)
 A = Elapsed time spent in this place.
 B = Non-inter-level travel time spent in this place.
 C = Inter-level travel time spent in this place.
 D = Time resting spent in this place.
 E = Time spent auto-exploring this place.
 F = Levels seen in this place.
 G = Mean time per level.
                   A        B        C        D        E       F      G
               +--------+--------+--------+--------+--------+-----+--------+
         Total |   2162 |   2106 |     56 |     59 |   1799 |   3 |  720.7 |
       Dungeon |   2162 |   2106 |     56 |     59 |   1799 |   3 |  720.7 |
               +--------+--------+--------+--------+--------+-----+--------+

Top non-repeatable levels by time:
     D:2: 1146 daAuts
     D:1: 1005 daAuts
     D:3: 9 daAuts
